 Dungeon Crawl Stone Soup version 0.29-a0-541-gaf1fc19f1b (webtiles) character file.

Game seed: 9245426309316431634

1355 Bruhh the Summoner (level 8, -3/43 (46) HPs)
             Began as a Barachi Summoner on June 2, 2022.
             Was a Follower of Hepliaklqana.
             Slain by a bullfrog (7 damage)
             ... on level 7 of the Dungeon.
             The game lasted 00:16:28 (9016 turns).

Bruhh the Summoner (Barachi Summoner)               Turns: 9016, Time: 00:16:29

HP:   -3/43 (46)    AC:  4    Str:  9    XL:     8   Next: 63%
MP:   4/19          EV: 12    Int: 17    God:    Hepliaklqana [*.....]
Gold: 315           SH:  0    Dex: 14    Spells: 16/22 levels left

rFire   . . .      SeeInvis +   l - +0 spear
rCold   . . .      Faith    .   (no shield)
rNeg    . . .      Spirit   .   i - +2 robe {Will+}
rPois   .          Reflect  .   (no helmet)
rElec   .          Harm     .   (no cloak)
rCorr   .          Rampage  .   (no gloves)
Will    +....                   (no boots)
Stlth   ++........              (no amulet)
HPRegen 0.14/turn               g - ring of see invisible
MPRegen 0.16/turn               (no ring)

@: drained, slow
A: reduced essence, amphibious, slowness 1, strong legs 1, +LOS
a: Hop, Renounce Religion, Recall Ancestor, Ancestor Identity


You were on level 7 of the Dungeon.
You worshipped Hepliaklqana.
Hepliaklqana was aware of your devotion.
You visited 1 branch of the dungeon, and saw 7 of its levels.

You collected 315 gold pieces.

Inventory:

Hand Weapons
 d - a +0 short sword
 l - a +0 spear (weapon)
 y - a +0 dagger
Missiles
 n - 2 throwing nets
Armour
 a - a +0 robe
 i - a +2 robe of willpower (worn)
Jewellery
 g - a ring of see invisible (left hand)
Wands
 s - a wand of digging (4)
Scrolls
 c - a scroll of amnesia
 f - a scroll of enchant armour {unknown}
 m - a scroll of acquirement {unknown}
 o - a scroll of blinking {unknown}
 q - 2 scrolls of fog {unknown}
 r - a scroll of poison {unknown}
 t - a scroll of torment {unknown}
 v - a scroll of brand weapon {unknown}
 x - 2 scrolls of enchant weapon {unknown}
Potions
 b - a potion of magic
 e - 2 potions of attraction
 j - a potion of flight
 p - a potion of heal wounds {unknown}
 u - a potion of curing
 w - 2 potions of cancellation {unknown}
 z - a potion of berserk rage {unknown}
 A - a potion of degeneration {unknown}
 B - a potion of might {unknown}


   Skills:
 - Level 2.1 Dodging
 - Level 1.7 Stealth
 + Level 7.9 Spellcasting
 + Level 9.6 Summonings


You had 16 spell levels left.
You knew the following spells:

 Your Spells              Type           Power      Damage    Failure   Level
a - Summon Small Mammal   Summ           100%       N/A       1%          1
b - Call Imp              Summ           39%        N/A       1%          2
c - Call Canine Familiar  Summ           39%        N/A       1%          3

Your spell library contained the following spells:

 Spells                   Type           Power      Damage    Failure   Level
 Summon Guardian Golem    Hex/Summ       23%        N/A       4%          3
 Beastly Appendage        Tmut           12%        N/A       11%         1
 Sandblast                Erth           12%        2d6       11%         1
 Sting                    Tmut/Pois      24%        1d4       11%         1
 Summon Lightning Spire   Summ/Air       23%        N/A       14%         4
 Passwall                 Tmut/Erth      5%         N/A       16%         2
 Poisonous Vapours        Pois/Air       12%        N/A       16%         2
 Wereblood                Tmut           6%         N/A       16%         2
 Confusing Touch          Hex            6%         N/A       32%         3
 Spider Form              Tmut/Pois      6%         N/A       32%         3
 Stone Arrow              Conj/Erth      12%        3d7       32%         3
 Olgreb's Toxic Radiance  Pois           6%         N/A       71%         4
 Manifold Assault         Tloc           6%         N/A       96%         5
 Yara's Violent Unravell  Hex/Tmut       3%         3d4       96%         5
 Enfeeble                 Hex            3%         N/A       100%        7
 Disjunction              Tloc           3%         N/A       100%        8


Dungeon Overview and Level Annotations

Branches:
Dungeon (7/15)
 Temple: D:4-7

Altars:
Elyvilon
Hepliaklqana
Qazlal
Trog

Shops:
D:6 *

Annotations:
D:1 1 runed translucent door
D:6 Maggie
D:7 2 transporters, Morbidden's ghost, novice DsCj


Innate Abilities, Weirdness & Mutations

Your life essence is reduced to manifest your ancestor. (-10% HP)
You are amphibious.
You cover ground slowly.
You can hop short distances.
You have an extended range of vision and can be seen from far away.


Message History

A beastly little devil appears in a puff of frigid air.
Your hound barely misses the kobold.
Your hound closely misses the kobold.
The kobold barely misses your hound.
The kobold hits your white imp with a +0 dagger.
Your white imp gestures at the kobold.
The puff of frost hits the kobold.
The kobold dies!
The kobold throws a stone.
The stone closely misses your white imp.
The stone hits you but does no damage.
The kobold throws a stone.
The stone hits your white imp but does no damage.
The kobold throws a stone.
The stone hits your white imp.
Unknown command.
Reach: l) +0 spear
Press: ? - help, Dir - move target, f - kobold
Aim: a kobold, wielding a +0 club and quivering stones (about 47% to evade your +0 spear)
You reach to attack!
You hit the kobold but do no damage.
Your hound barely misses the kobold.
Your hound bites the kobold.
The kobold dies!
The orc hits your white imp with a +0 war axe.
Your white imp dies!
Your white imp disappears in a puff of smoke!
Unknown command.
Reach: l) +0 spear
Press: ? - help, Dir - move target, f - bullfrog
Aim: a bullfrog (about 47% to evade your +0 spear)
You reach to attack!
You completely miss the bullfrog.
Your hound barely misses the bullfrog.
Your hound bites the bullfrog.
Unknown command.
Unknown command.
Reach: l) +0 spear
Press: ? - help, Dir - move target, f/p - bullfrog
Aim: a bullfrog (lightly wounded, ally target, about 47% to evade your +0 spear)
You hit the bullfrog.
The bullfrog is moderately wounded.
The bullfrog hits you.
* * * LOW HITPOINT WARNING * * *
Your hound bites the bullfrog.
The bullfrog hits you!
You die...

F........#
.^##≈(.≈##≈≈...##
#####....# ##.o≈#
≈...# #5©.##..##
#^^.≈## #.... o###.#
..# .....≈. ...
DH..$.# .#
####..###.# ..
.D≈.≈≈8# . #....K..#
W###$#≈.## ###.##
#.V##...H##..####ho.#
.[. #..#.#.....@F###
#.#©..##### #)#.


You could see a manticore, a bullfrog (ally target), an orc and a friendly hound
(summoned).

Vanquished Creatures
  Sigmund (D:2)
  A water moccasin (D:5)
  2 orc priests (D:4)
  Natasha (D:4)
  An adder (D:2)
  A shadow imp (D:5)
  An orc (D:5)
  A ball python (D:1)
  4 endoplasms
  A giant cockroach (D:2)
  4 goblins
  A hobgoblin (D:3)
  3 bats
  A frilled lizard (D:1)
  2 kobolds (D:2)
  3 rats
  A spectral goblin (D:1)
29 creatures vanquished.

Vanquished Creatures (collateral kills)
  2 black bears (D:5)
  A kobold brigand (D:5)
  The ghost of benitares the Firebug, an amateur DEFE (D:3)
  A bullfrog (D:5)
  A necrophage (D:5)
  A scorpion (D:5)
  3 hounds
  An orc priest (D:6)
  Natasha (twice) (D:4)
  2 orc wizards
  Robin (D:4)
  6 adders
  4 gnolls (D:3)
  2 white imps
  A worm (D:3)
  3 dart slugs
  14 orcs
  4 endoplasms (D:1)
  2 giant cockroaches
  5 hobgoblins
  2 jackals (D:3)
  10 kobolds
  6 quokkas
  3 ball pythons
  A bat (D:2)
  4 frilled lizards
  12 goblins
  5 rats
100 creatures vanquished.

Vanquished Creatures (others)
  An ancestor (D:5)
  2 withered plants (D:3)
3 creatures vanquished.

Grand Total: 132 creatures vanquished

Notes
Turn   | Place    | Note
-------+----------+-------------------------------------------
     0 | D:1      | Bruhh the Barachi Summoner began the quest for the Orb.
     0 | D:1      | Reached XP level 1. HP: 13/13 MP: 3/3
     1 | D:1      | Found a runed translucent door.
   257 | D:1      | Reached skill level 5 in Summonings
   292 | D:1      | Reached XP level 2. HP: 11/19 MP: 0/5
   894 | D:1      | Learned a level 2 spell: Call Imp
   976 | D:1      | Reached XP level 3. HP: 24/24 MP: 2/7
  1025 | D:1      | Found a faded altar of an unknown god.
  1965 | D:2      | Reached XP level 4. HP: 13/30 MP: 5/9
  2458 | D:2      | Noticed Sigmund
  2468 | D:2      | Learned a level 3 spell: Call Canine Familiar
  2880 | D:3      | Reached skill level 6 in Summonings
  2938 | D:3      | Reached XP level 5. HP: 26/35 MP: 10/10
  3651 | D:3      | Found a runed translucent door.
  4171 | D:3      | Noticed benitares's ghost (amateur DEFE)
  4937 | D:3      | Killed benitares's ghost
  4938 | D:3      | Reached skill level 7 in Summonings
  4938 | D:3      | Reached XP level 6. HP: 20/41 MP: 2/13
  5225 | D:2      | Killed Sigmund
  5226 | D:2      | Reached skill level 5 in Spellcasting
  5606 | D:4      | Reached XP level 7. HP: 29/46 MP: 12/15
  6786 | D:4      | Noticed Natasha
  6806 | D:4      | Killed Natasha
  6807 | D:4      | Reached skill level 8 in Summonings
  7028 | D:4      | Noticed Robin
  7039 | D:4      | Noticed Natasha
  7043 | D:4      | Killed Robin
  7050 | D:4      | Killed Natasha
  7389 | D:4      | Found a hazy altar of Hepliaklqana.
  7410 | D:4      | Became a worshipper of Hepliaklqana the Forgotten
  7482 | D:4      | Found a white marble altar of Elyvilon.
  7484 | D:4      | Noticed Natasha
  7493 | D:4      | Killed Natasha
  7648 | D:5      | Entered Level 5 of the Dungeon
  7732 | D:5      | Got Eremnah's Compendium of the Traveller
  7952 | D:5      | Reached XP level 8. HP: 35/52 MP: 9/18
  8146 | D:5      | Reached * piety under Hepliaklqana
  8440 | D:5      | Reached skill level 9 in Summonings
  8617 | D:5      | Noticed a moth of wrath
  8655 | D:5      | Found a bloodstained altar of Trog.
  8896 | D:6      | Noticed Maggie
  8967 | D:6      | Found Xutsu's General Store.
  8982 | D:7      | Found a transporter.
  8988 | D:7      | Noticed a manticore
  8988 | D:7      | Noticed a vampire
  8990 | D:7      | Noticed Morbidden's ghost (novice DsCj)
  8995 | D:7      | Found a stormy altar of Qazlal.
  9003 | D:7      | Found a transporter.
  9016 | D:7      | Slain by a bullfrog

Illustrated notes

Levels and vault maps discovered:
D:1:      dpeg_arrival_caged_fury, layout_rooms,
          dreamdust_ecumenical_altar_drowned_temple
D:2:      layout_basic, minivault_4, uniq_sigmund
D:3:      layout_basic, gammafunk_ghost_grave, minmay_misc_feat_four_crosses,
          minmay_fountain_box
D:4:      layout_basic, elyvilon_altar_5,
          mainiacjoe_overflow_concentric_impassable, uniq_natasha, uniq_robin
D:5:      layout_rooms, tgw_trog, chequers_decorated_corner,
          mrwooster_statue_mirror, st_stairs_6, minmay_circle_x
D:6:      hellmonk_crumbling_castle, layout_rooms, okawaru_gym_becter,
          temple_green, serial_shops, shop, uniq_maggie
D:7:      layout_rooms, grunt_qazlal_sundering, nzn_ghost_randoct

Skill      XL: |  1  2  3  4  5  6  7  8 |
---------------+-------------------------+-----
Summonings     | 5 6 7 8 9 |  9.6
Spellcasting   | 3 4 5 7 |  7.9
Dodging        | |  2.1
Stealth        | |  1.7

Action                   |  1- 3 |  4- 6 |  7- 9 || total
-------------------------+-------+-------+-------++-------
Melee: Unarmed           |    25 |       |       ||    25
       Short sword       |    68 |     1 |       ||    69
       Punch             |     1 |       |     3 ||     4
       Spear             |       |    58 |    93 ||   151
 Cast: Summon Small Mamm |    33 |    21 |    28 ||    82
       Call Imp          |     6 |    20 |    17 ||    43
       Call Canine Famil |       |    16 |    31 ||    47
Invok: Ancestor Identity |       |       |     1 ||     1
 Abil: Hop               |       |       |     1 ||     1
Evoke: Wand              |       |       |     1 ||     1
  Use: Potion            |       |     3 |     1 ||     4
       Scroll            |       |     1 |     9 ||    10
 Stab: Sleeping          |       |     2 |       ||     2
       Distracted        |       |       |     1 ||     1
Armor: Robe              |    32 |     6 |    10 ||    48
       Skin              |       |     3 |       ||     3
Dodge: Dodged            |   104 |    41 |    50 ||   195

Table legend: (Time is in decaauts)
 A = Elapsed time spent in this place.
 B = Non-inter-level travel time spent in this place.
 C = Inter-level travel time spent in this place.
 D = Time resting spent in this place.
 E = Time spent auto-exploring this place.
 F = Levels seen in this place.
 G = Mean time per level.
                   A        B        C        D        E       F      G
               +--------+--------+--------+--------+--------+-----+--------+
         Total |   9776 |   9379 |    397 |   1007 |   6863 |   7 | 1396.6 |
       Dungeon |   9776 |   9379 |    397 |   1007 |   6863 |   7 | 1396.6 |
               +--------+--------+--------+--------+--------+-----+--------+

Top non-repeatable levels by time:
     D:3: 2919 daAuts
     D:2: 2178 daAuts
     D:4: 1808 daAuts
     D:1: 1380 daAuts
     D:5: 1352 daAuts
     D:6: 101 daAuts
     D:7: 35 daAuts
